 Dungeon Sprint DCSS version 0.19.5 (webtiles) character file.

37 equalderp2856 the Caller (level 3, -1/15 HPs)
             Began as a Felid Summoner on Mar 8, 2017.
             Shot with an arrow by a centaur (8 damage)
             ... in the Dungeon (Sprint VII: "The Pits").
             The game lasted 00:02:56 (908 turns).

equalderp2856 the Caller (Felid Summoner)            Turns: 908, Time: 00:02:57

Health: -1/15      AC:  1    Str:  4    XL:     3   Next: 23%
Magic:  7/9        EV: 19    Int: 16    God:
Gold:   0          SH:  0    Dex: 17    Spells: 1 memorised, 8 levels left
                                        Lives:  0   Deaths: 1

rFire  . . .     SeeInvis +       - Unarmed
rCold  . . .     Gourm    .     (armour unavailable)
rNeg   . . .     Faith    .     (shield unavailable)
rPois  .         Spirit   .     (helmet unavailable)
rElec  .         Reflect  .     (cloak unavailable)
rCorr  .         Harm     .     (gloves unavailable)
MR     .....     NoTele   +     (boots unavailable)
Stlth  +++.......               (no amulet)
                                (no ring)
                                (no ring)

@: quick
A: no armour, no weapons or thrown items, stealth, claws 1, fangs 3, see
invisible, carnivore 3, speed 1, shaggy fur 1, slow metabolism 1, sharp paws
a: no special abilities


You were in the Dungeon.
You were not hungry.

You visited 1 branch

Inventory:

Scrolls
 h - a scroll of blinking
 j - 3 scrolls of remove curse
 k - 5 scrolls of amnesia
 l - a scroll of summoning
Potions
 c - 6 potions of curing
 d - 6 potions of heal wounds
 e - a potion of haste
 f - 4 potions of magic
 g - 3 potions of berserk rage
 i - 2 potions of invisibility
Books
 a - a book of Callings

   Spells                             Type                      Level
   a - Summon Small Mammal            Summoning                    1
   b - Call Imp                       Summoning                    2
   c - Call Canine Familiar           Summoning                    3
   d - Summon Guardian Golem          Hexes/Summoning              3
   e - Summon Lightning Spire         Summoning/Air                4
   f - Summon Ice Beast               Ice/Summoning                4
Comestibles
 b - 8 meat rations


   Skills:
 + Level 0.8 Fighting
 + Level 3.9 Dodging
 + Level 3.8 Stealth
 + Level 2.0 Unarmed Combat
 + Level 3.7 Spellcasting
 + Level 7.6 Summonings


You had 8 spell levels left.
You knew the following spells:

 Your Spells              Type           Power        Failure   Level  Hunger
a - Summon Small Mammal   Summ           ####         1%          1    None


Dungeon Overview and Level Annotations

Branches:
Dungeon (1/1)

Altars:
Ashenzari
Cheibriados
Dithmenos
Elyvilon
Fedhas
Gozag
Hepliaklqana
Kikubaaqudgha
Makhleb
Nemelex Xobeh
Okawaru
Qazlal
Ru
Sif Muna
Trog
Uskayaw
Vehumet
Xom
Yredelemnul
Zin
The Shining One
Beogh
Jiyva
Lugonu

Annotations:
D Edmund


Innate Abilities, Weirdness & Mutations

You cannot wear armour.
You are incapable of wielding weapons or throwing items.
Your paws allow you to move quietly. (Stealth)
You have sharp claws.
You have razor-sharp teeth.
You have supernaturally acute eyesight. (SInv)
You are carnivorous and can eat meat at any time.
You cover ground quickly.
You are covered in fur. (AC +1)
You have a slow metabolism.
Your sharp claws are effective at attacking unaware monsters.


Message History

There is an open door here.
You see here a dagger.
There is an open door here.
The centaur shoots an arrow.
The arrow closely misses you.
You see here an arrow.
The centaur shoots an arrow.
The arrow hits you!
You see here an arrow.
Casting: Summon Small Mammal
Confirm with . or Enter, or press ? or * to list all spells.
Casting: Summon Small Mammal
Confirm with . or Enter, or press ? or * to list all spells.
The centaur shoots an arrow.
The arrow hits your quokka!
Your quokka dies!
Your quokka's corpse disappears in a puff of smoke!
The centaur shoots an arrow.
The arrow hits you.
Casting: Summon Small Mammal
Confirm with . or Enter, or press ? or * to list all spells.
The centaur shoots an arrow.
The arrow hits you!
Ouch! That really hurt!
You die...

#%?(.')))'.##.....
##########.##.....
#...........'.....
#'#####)#####.....
#.#..#.....##....)
#.#))#####'#####'#
#b#))#.....##.....
#b#))#.....##.....
#@#[[###'####.....
#.##'#.....##...<.
#ยง#........##.....
#c#........##.....
#@###########.....
#(.....s# ######
#.r.#...# #..c# .#
#.##@#


You could see Edmund, a centaur, a porcupine and 2 friendly bats.

Vanquished Creatures
  A floating eye (D)
  A giant cockroach (D)
  A goblin (D)
  A kobold (D)
  A quokka (D)
5 creatures vanquished.

Vanquished Creatures (collateral kills)
  2 gnolls (D)
  A river rat (D)
  A hobgoblin (D)
4 creatures vanquished.

Grand Total: 9 creatures vanquished

Notes
Turn   | Place    | Note
-------+----------+-------------------------------------------
     0 | D        | equalderp2856 the Felid Summoner began the quest for the Orb.
     0 | D        | Reached XP level 1. HP: 7/7 MP: 4/4
   320 | D        | Noticed a floating eye
   346 | D        | Reached skill level 5 in Summonings
   347 | D        | Paralysed by a floating eye for 4 turns
   352 | D        | Killed a floating eye
   352 | D        | Reached skill level 1 in Unarmed Combat
   352 | D        | Reached skill level 7 in Summonings
   352 | D        | Reached XP level 2. HP: 8/12 MP: 1/7
   352 | D        | Reached XP level 3. HP: 10/15 MP: 1/8
   352 | D        | Reached XP level 4. HP: 12/18 MP: 1/10
   810 | D        | Found a radiant altar of Vehumet.
   810 | D        | Found a hide-covered altar of Uskayaw.
   810 | D        | Found an ancient bone altar of Kikubaaqudgha.
   810 | D        | Found a viscous altar of Jiyva.
   810 | D        | Found a hazy altar of Hepliaklqana.
   811 | D        | Found a bloodstained altar of Trog.
   811 | D        | Found a deep blue altar of Sif Muna.
   811 | D        | Found a sacrificial altar of Ru.
   811 | D        | Found a stormy altar of Qazlal.
   811 | D        | Found an iron altar of Okawaru.
   811 | D        | Found a sparkling altar of Nemelex Xobeh.
   811 | D        | Found an opulent altar of Gozag.
   811 | D        | Found a blossoming altar of Fedhas.
   811 | D        | Found a white marble altar of Elyvilon.
   811 | D        | Found a shadowy altar of Dithmenos.
   811 | D        | Found a snail-covered altar of Cheibriados.
   812 | D        | Found a glowing golden altar of the Shining One.
   812 | D        | Found a glowing silver altar of Zin.
   814 | D        | Found a roughly hewn altar of Beogh.
   814 | D        | Found a burning altar of Makhleb.
   814 | D        | Found a basalt altar of Yredelemnul.
   815 | D        | Found a shattered altar of Ashenzari.
   815 | D        | Found a corrupted altar of Lugonu.
   815 | D        | Found a shimmering altar of Xom.
   855 | D        | Noticed a water moccasin
   856 | D        | Noticed a centaur
   867 | D        | Noticed a porcupine
   871 | D        | Noticed Edmund
   874 | D        | Shot with an arrow by a centaur
   875 | D        | Reached XP level 3. HP: -2/15 MP: 7/9
   908 | D        | Shot with an arrow by a centaur

Skill      XL: |  1  2  3  4 |
---------------+-------------+-----
Summonings     | 7 |  7.6
Dodging        | 3 |  3.9
Stealth        | 3 |  3.8
Unarmed Combat | 1 2 |  2.0
Spellcasting   | 3 |  3.7
Fighting       | |  0.8

Action                   |  1- 3 |  4- 6 || total
-------------------------+-------+-------++-------
Melee: Unarmed           |    22 |     7 ||    29
       Bite              |     2 |     1 ||     3
 Cast: Summon Small Mamm |    10 |    24 ||    34
 Stab: Sleeping          |     1 |       ||     1
Dodge: Dodged            |    18 |    11 ||    29
